 Dungeon Crawl Stone Soup version 0.29-a0-271-gd4eb659eea (webtiles) character file.

Game seed: 14398065670872860904

17 spaghetti the Skirmisher (level 2, -4/22 HPs)
             Began as an Octopode Fighter on Mar 8, 2022.
             Was a Follower of Uskayaw.
             Slain by a gnoll
             ... wielding a +0 club
              (6 damage)
             ... on level 1 of the Dungeon.
             The game lasted 00:01:05 (1011 turns).

spaghetti the Skirmisher (Octopode Fighter)         Turns: 1011, Time: 00:01:06

Health: -4/22      AC:  1    Str: 15    XL:     2   Next: 62%
Magic:  2/2        EV: 13    Int: 10    God:    Uskayaw [*.....]
Gold:   73         SH:  4    Dex: 11    Spells: 1/1 levels left

rFire   . . .      SeeInvis .   a - +0 long sword {long}
rCold   . . .      Faith    .   b - +0 buckler
rNeg    . . .      Spirit   .   (helmet restricted)
rPois   .          Reflect  .   (no amulet)
rElec   .          Harm     .   f - ring of wizardry
rCorr   .          Rampage  .   (no ring)
Will    .....                   (no ring)
Stlth   ++........              (no ring)
HPRegen 0.07/turn               (no ring)
MPRegen 0.08/turn               (no ring)
                                (no ring)
                                (no ring)

@: no status effects
A: almost no armour, amphibious, 8 rings, camouflage 1, gelatinous body 1,
(nimble swimmer 1), tentacles
a: Renounce Religion, Stomp


You were on level 1 of the Dungeon.
You worshipped Uskayaw.
Uskayaw was noncommittal.
You visited 1 branch of the dungeon, and saw 2 of its levels.

You collected 73 gold pieces.


Innate Abilities, Weirdness & Mutations

You cannot wear most types of armour.
You are amphibious.
You can wear up to eight rings at the same time.
Your skin changes colour to match your surroundings (Stealth+).
Your rubbery body absorbs attacks. (AC +1, EV +1)
((You are camouflaged when in or above water. (Stealth+)))
You have tentacles for arms and can constrict up to eight enemies at once.


   Skills:
 + Level 3.9 Fighting
 - Level 2.0 Long Blades
 - Level 3.0 Dodging
 - Level 3.0 Shields


You had one spell level left.
You didn't know any spells.
Your spell library was empty.

Inventory:

Hand Weapons
 a - a +0 long sword (weapon) {long}
Missiles
 d - 3 boomerangs (quivered) {throwing}
 e - 25 stones {throwing}
Armour
 b - a +0 buckler (worn)
Jewellery
 f - a ring of wizardry (left tentacle)
   (You found it on level 2 of the Dungeon)
Scrolls
 g - a scroll of holy word {unknown}
 h - a scroll of blinking {unknown}
 i - a scroll of identify {unknown}
 j - a scroll of brand weapon {unknown}
Potions
 c - a potion of might
 k - a potion of brilliance {unknown}

Dungeon Overview and Level Annotations

Branches:
Dungeon (2/15)

Altars:
Uskayaw

.#......#######.......>.#########
.#......# ####.###.......)......
........## #........#.###...#####
.....##..####....##.......### #
...........................######
#................................
........................#######..
........................# #.#
........)......g@.......# ####.#
.....................#.#####....#
...............g..........#..####
.............>..........#...##
..............##..#.....##..#
.......?..........#..#......#
............................#####
.............###.................
#...........## #...........####..


You could see 2 gnolls.


Message History

The endoplasm jiggles.
You block the endoplasm's attack.
You hit the endoplasm.
The endoplasm barely misses you. 😨 HP[+1]
You barely miss the endoplasm. You squeeze the endoplasm.
You kill the endoplasm!
You start resting.
A goblin comes into view. It is wielding a +0 club.
A goblin is nearby!
A goblin is nearby!
A goblin is nearby!
A goblin is nearby!
You are too injured to fight recklessly! 😨 HP[+1]
A goblin is nearby!
You are too injured to fight recklessly!
The goblin shouts!
The goblin completely misses you.
You closely miss the goblin. Your grab misses the goblin.
You squeeze the goblin.
You kill the goblin!
An endoplasm comes into view. 😮 HP[+2]
You regained 2 hp, and now have 13/22 hp.
An endoplasm is nearby!
An endoplasm is nearby!
An endoplasm is nearby!
You are too injured to fight recklessly!
Found a faded altar of an unknown god. 😮 HP[+1]
You barely miss the endoplasm.
The endoplasm quivers.
You squeeze the endoplasm.
You kill the endoplasm!
Key pressed, stopping explore.
You see here a ball python skeleton.
You now have 21 gold pieces (gained 9).
You now have 38 gold pieces (gained 17).
g - a scroll labelled BEJUC MEME 😎 HP[+8]
Your hp is fully restored (22).
Search for what [? for help]? altar
Found a stone staircase leading down.
There is a faded altar of an unknown god here.
You cannot tell which god this altar belongs to.
Convert to them anyway?
Uskayaw accepts your prayer! Uskayaw welcomes you!
You can now stomp with the beat.
Unknown command.
Press < or > to pray at altars.
h - a scroll labelled XUOFAN IRRU You now have 52 gold pieces (gained 14).
Key pressed, stopping explore.
e - 25 stones {throwing} (gained 12)
Found a stone staircase leading down.
You now have 55 gold pieces (gained 3).
i - a scroll labelled NEDIDGHA OSYH
There is a stone staircase leading down here.
j - a scroll labelled MOASAGGEQEB You now have 73 gold pieces (gained 18).
Key pressed, stopping explore.
Found an escape hatch in the floor.
No target in view!
There is an escape hatch in the floor here.
Key pressed, stopping explore.
There is a stone staircase leading down here.
Key pressed, stopping explore.
k - a ruby potion Done exploring.
Done exploring.
Done exploring.
Done exploring.
(D) Dungeon
Where to? (Enter - D:1 @ (x,y), ? - help)
There is a stone staircase leading down here.
You climb downwards.
The gnoll closely misses you. The gnoll hits you with a +0 club! x2
* * * LOW HITPOINT WARNING * * *
The gnoll misses you.
There is a stone staircase leading up, spattered with blood here. 😨 HP[-15]
You take 15 damage, and now have 7/22 hp.
MASSIVE DAMAGE!! (PAUSE) Unknown command.
There are monsters nearby!
The gnoll hits you with a +0 halberd.
* * * LOW HITPOINT WARNING * * *
You block the gnoll's attack.
You climb upwards.
There is a stone staircase leading down here. 😱 HP[-6]
You take 6 damage, and now have 1/22 hp.
MASSIVE DAMAGE!! (PAUSE) Unknown command.
Okay, then.
The gnoll attacks as you move away! The gnoll closely misses you.
The gnoll completely misses you. 😱 HP[+1]
The gnoll attacks as you move away! The gnoll hits you with a +0 club.
You die...

Action                   || total
-------------------------++-------
Melee: Long sword        ||    28
       Constrict         ||     6
       Tentacles         ||     4
  Use: Scroll            ||     1
Armor: Skin              ||     3
Dodge: Dodged            ||    32
Block: Buckler           ||    12

Levels and vault maps discovered:
D:1:      saegor_arrival_under_anarchy, layout_rooms,
          dreamdust_ecumenical_altar_statues
D:2:      layout_loops_cross

Notes
Turn   | Place    | Note
-------+----------+-------------------------------------------
     0 | D:1      | spaghetti the Octopode Fighter began the quest for the Orb.
     0 | D:1      | Reached XP level 1. HP: 16/16 MP: 1/1
     0 | D:1      | magus.rc [v1.9.6]
    97 | D:1      | Reached XP level 2. HP: 10/21 MP: 2/2
   125 | D:1      | HP: 5/21 [constriction (1)]
   127 | D:1      | HP: 2/21 [bat (1)]
   602 | D:1      | Found a faded altar of an unknown god.
   773 | D:1      | Prayed at the altar of an unknown god.
   773 | D:1      | Became a worshipper of Uskayaw the Reveller
   773 | D:1      | Reached * piety under Uskayaw
  1006 | D:2      | HP: 1/22 [gnoll/+0 halberd (6)]
  1011 | D:1      | Slain by a gnoll

Vanquished Creatures
  A ball python (D:1)
  4 endoplasms (D:1)
  A giant cockroach (D:1)
  A goblin (D:1)
  3 hobgoblins (D:1)
  A quokka (D:1)
  A bat (D:1)
  A frilled lizard (D:1)
  A rat (D:1)
14 creatures vanquished.

Table legend:
 A = Non-vault XP
 B = Vault XP
 C = Vault XP percentage of total XP
 D = Non-vault monster count
 E = Vault monster count
 F = Vault count percentage of total count
                 A         B        C        D         E       F
            +---------+---------+-------+---------+---------+-------
      Total |      25 |       0 |   0.0 |      14 |       0 |   0.0
            +---------+---------+-------+---------+---------+-------
        D:1 |      25 |       0 |   0.0 |      14 |       0 |   0.0
            +---------+---------+-------+---------+---------+-------

Illustrated notes

Table legend:
 A = Kills in this place as a percentage of kills in entire the game.
 B = Kills by you in this place as a percentage of kills by you in the entire game.
 C = Kills by friends in this place as a percentage of kills by friends in the entire game.
 D = Other kills in this place as a percentage of other kills in the entire game.
 E = Experience gained in this place as a percentage of experience gained in the entire game.
 F = Experience gained in this place divided by the number of levels of this place that you have seen.
                   A       B       C       D       E      F
               +-------+-------+-------+-------+-------+----------------------
         Total | 100.0 | 100.0 |   N/A |   N/A | 100.0 |  12.5
       Dungeon | 100.0 | 100.0 |   N/A |   N/A | 100.0 |  12.5
               +-------+-------+-------+-------+-------+----------------------

Table legend: (Time is in decaauts)
 A = Elapsed time spent in this place.
 B = Non-inter-level travel time spent in this place.
 C = Inter-level travel time spent in this place.
 D = Time resting spent in this place.
 E = Time spent auto-exploring this place.
 F = Levels seen in this place.
 G = Mean time per level.
                   A        B        C        D        E       F      G
               +--------+--------+--------+--------+--------+-----+--------+
         Total |   1021 |    977 |     44 |    310 |    540 |   2 |  510.5 |
       Dungeon |   1021 |    977 |     44 |    310 |    540 |   2 |  510.5 |
               +--------+--------+--------+--------+--------+-----+--------+

Top non-repeatable levels by time:
     D:1: 601 daAuts
     D:2: 419 daAuts
